 Dungeon Crawl Stone Soup version 0.16-a0-282-ga87e286 (webtiles) character file.

16698 MackTheKnife the Fighter (level 12, -4/90 HPs)
             Began as a Formicid Fighter on Aug 27, 2014.
             Was a High Priest of Okawaru.
             Slain by a spiny frog (18 damage)
             ... on Level 2 of the Lair of Beasts.
             The game lasted 00:30:43 (13645 turns).

MackTheKnife the Fighter (Formicid Fighter)        Turns: 13645, Time: 00:30:43

HP  -4/90        AC 14     Str 27      XL: 12   Next: 73%
MP  22/22        EV 10     Int  8      God: Okawaru [*****.]
Gold 132         SH 12     Dex 13      Spells:  0 memorised, 11 levels left

rFire  . . .     SeeInvis +     E - +4 executioner's axe of Dust {drain, rPois Dex-3}
rCold  + . .     Clarity  .     h - +2 ring mail {rPois}
rNeg   . . .     rCorr    .     c - +0 shield
rPois  +         rRot     .     (helmet unavailable)
rElec  .         Spirit   .     w - +2 cloak {+Inv}
SustAb .         Warding  .     (no gloves)
rMut   +         Stasis   +     t - +1 pair of boots
Gourm  .                        k - amulet "Ovav" {rMut Str+5 Dex+4}
MR     ++...                    (no ring)
                                s - ring of protection from cold

@: very resistant to hostile enchantments, very unstealthy
A: permanent stasis, dig shafts and tunnels, four strong arms, antennae 3, frail
1, magic resistance 1, weak 1
a: Dig, Shaft Self, Heroism, Renounce Religion, Evoke Invisibility


You were on level 2 of the Lair of Beasts.
You worshipped Okawaru.
Okawaru was extremely pleased with you.
You were not hungry.

You visited 3 branches of the dungeon, and saw 14 of its levels.

You collected 942 gold pieces.
You spent 810 gold pieces at shops.


Innate Abilities, Weirdness & Mutations

Your are under a permanent stasis effect.
You can dig through walls and to a lower floor.
Your four strong arms can wield two-handed weapons with a shield.
You have a pair of large antennae on your head (SInv).
You are frail (-10% HP).
You are resistant to hostile enchantments.
You are weak. (Str -2)


   Skills:
 - Level 11.3 Fighting
 + Level 10.2(11.4) Axes
 - Level 8.6(10.7) Maces & Flails
 - Level 8.5 Armour
 - Level 10.1 Shields
 + Level 4.4 Invocations


You had 11 spell levels left.
You didn't know any spells.

Inventory:

Hand weapons
 p - a +4 great mace of protection
 E - the +4 executioner's axe of Dust (weapon) {drain, rPois Dex-3}
   (Okawaru gifted it to you on level 2 of the Lair of Beasts)

   A truly terrible weapon, it drains the life of those it strikes.
   It affects your dexterity (-3).
   It protects you from poison.
Armour
 c - a +0 shield (worn)
 h - a +2 ring mail of poison resistance (worn)
 t - a +1 pair of boots (worn)
 w - a +2 cloak of darkness (worn)
Magical devices
 u - a wand of disintegration (22)
 D - a wand of frost (15)
 G - a wand of draining (6)
Comestibles
 b - 10 royal jellies
 d - 6 bread rations
 l - a beef jerky
 m - 18 fruits
 r - 5 meat rations
 v - 2 slices of pizza
 C - a chunk of iguana flesh {@*1}
Scrolls
 a - a scroll of fog
 e - a scroll of enchant armour
 i - 12 scrolls of remove curse
 n - 6 scrolls of identify
 q - 3 scrolls of amnesia
 y - a scroll of recharging
 z - 2 scrolls of enchant weapon
Jewellery
 k - the amulet "Ovav" (around neck) {rMut Str+5 Dex+4}
   (You found it on level 11 of the Dungeon)

   [amulet of resist mutation]

   It protects you from mutation.
   It affects your strength (+5).
   It affects your dexterity (+4).
 s - a ring of protection from cold (left hand)
Potions
 f - a potion of curing
 g - 4 potions of resistance
 j - 2 potions of brilliance
 o - 2 potions of might
 x - 3 potions of porridge
 A - a potion of restore abilities
 B - a potion of agility

··▒ ···· ▒·· ▒··
▒·· ▒·▒▒ ·
▒▒▒▒··▒▒ ···
·▒·▒▒··▒FY·▒··P··%
·······%aY········
·▒▒▒···▒Y▒▒▒▒▒▒▒▒P
▒▒▒ ▒··▒ ▒▒·▒▒
▒···▒ ▒▒▒·▒ ▒▒·▒
▒▒ ▒ ▒··▒▒▒ ▒·▒▒▒▒
▒▒···▒ ▒▒▒·P▒▒


You could see a spiny frog and 3 sheep.


Message History

The sheep barely misses you. You block the sheep's attack.
The sheep barely misses you. The sheep closely misses you.
You block the sheep's attack.
You hit the sheep. You drain the sheep!
The sheep is heavily wounded.
You slash the sheep!
The sheep is heavily wounded.
You barely miss the sheep. The sheep closely misses you.
You block the sheep's attack. The sheep bites you! The sheep bites you.
The sheep closely misses you. x2
You hit the sheep. You drain the sheep!
The sheep is heavily wounded.
You hit the sheep. You drain the sheep!
The sheep is almost dead.
You slice the sheep!!
You kill the sheep!
Okawaru accepts your kill. The sheep closely misses you.
The spiny frog stings you!!
* * * LOW HITPOINT WARNING * * *
You block the sheep's attack. x2
You closely miss the spiny frog. You slice the sheep!!
You kill the sheep!
Okawaru accepts your kill.
You hit the sheep.
The sheep is severely wounded.
The spiny frog stings you!
* * * LOW HITPOINT WARNING * * *
You block the sheep's attack. x2
The spiny frog stings you!!
You die...

Action                   |  1- 3 |  4- 6 |  7- 9 | 10-12 || total
-------------------------+-------+-------+-------+-------++-------
Melee: War axe           |    80 |   186 |   326 |   551 ||  1143
       Great mace        |       |       |       |   277 ||   277
       Executioner's axe |       |       |       |     9 ||     9
Invok: Heroism           |       |       |     1 |    11 ||    12
Evoke: Wand              |       |     1 |       |     5 ||     6
  Use: Potion            |       |     1 |     2 |    19 ||    22
       Scroll            |       |    10 |     6 |     7 ||    23
 Stab: Distracted        |       |       |       |     1 ||     1
       Sleeping          |       |       |       |     1 ||     1
  Eat: Chunk             |       |     6 |     4 |    20 ||    30
       Bread ration      |       |       |     2 |       ||     2
       Meat ration       |       |       |       |     1 ||     1

Vault maps used:
D:1:      minmay_arrival_wavy_path
D:2:      uniq_sigmund
D:4:      uniq_crazy_yiuf_cottage
D:5:      wad_woods_pond, fedhas_altar_1, lightli_sewer_entry_pipes,
          first_bread, cheibriados_altar_1
D:6:      lemuel_crystal_altar, minmay_temple_entry_enclosed_plants,
          nemelex_xobeh_ov_fountains_minmay
D:7:      grunt_gozag_statues, serial_undead, serial_undead_b, serial_undead_f,
          serial_undead_f, serial_undead_b
D:8:      zin_treasury, grunt_lair_entry_elf_guard_hut, serial_shops, shop,
          minmay_misc_feat_five
D:9:      lemuel_mausoleum_altar_yredelemnul, lemuel_round_altar, serial_shops,
          nicolae_shop_waterfront
D:10:     serial_shops, shop, special_room, hangedman_little_slice_of_home,
          david_defended_altar_elf
D:11:     zombieorc1_lemuel, serial_shops,
          nicolae_shop_temple_entry_statues_fountains, kennysheep_mini_moat,
          nicolae_shop_behind_doors, shop
Temple:   dpeg_five_rooms_temple_12
Lair:1:   grunt_forest_stairs_basic
Lair:2:   bh_chokoban, serial_bayou_lake_a, lemuel_fruit_fields,
          lemuel_fruit_fields, uniq_gastronok

Notes
Turn   | Place    | Note
--------------------------------------------------------------
     0 | D:1      | MackTheKnife, the Formicid Fighter, began the quest for the Orb.
     0 | D:1      | Reached XP level 1. HP: 18/18 MP: 1/1
   130 | D:1      | Reached XP level 2. HP: 24/24 MP: 3/3
   416 | D:1      | Reached skill level 4 in Fighting
   416 | D:1      | Reached XP level 3. HP: 30/30 MP: 4/4
   870 | D:2      | Reached skill level 4 in Shields
   870 | D:2      | Reached XP level 4. HP: 25/37 MP: 5/5
  1060 | D:2      | Noticed Sigmund
  1071 | D:2      | Killed Sigmund
  1071 | D:2      | Reached skill level 5 in Fighting
  1071 | D:2      | Reached XP level 5. HP: 27/44 MP: 7/7
  1216 | D:2      | Reached skill level 5 in Shields
  1976 | D:3      | Reached XP level 6. HP: 45/51 MP: 8/8
  2603 | D:4      | Reached skill level 6 in Shields
  2802 | D:4      | Reached skill level 3 in Axes
  2802 | D:4      | Reached XP level 7. HP: 44/57 MP: 9/9
  2917 | D:4      | Noticed Crazy Yiuf
  2923 | D:4      | Killed Crazy Yiuf
  3252 | D:5      | Entered Level 5 of the Dungeon
  3293 | D:5      | Found a blossoming altar of Fedhas.
  3759 | D:5      | Reached skill level 4 in Axes
  3759 | D:5      | Reached skill level 7 in Shields
  4063 | D:5      | Found a snail-covered altar of Cheibriados.
  4224 | D:5      | Reached XP level 8. HP: 64/64 MP: 11/11
  4661 | D:6      | Reached skill level 5 in Axes
  4661 | D:6      | Reached skill level 8 in Shields
  4704 | D:6      | Reached skill level 6 in Fighting
  4910 | D:6      | Reached skill level 7 in Fighting
  4910 | D:6      | Reached skill level 6 in Axes
  4974 | D:6      | Found a sparkling altar of Nemelex Xobeh.
  5002 | D:6      | Found a staircase to the Ecumenical Temple.
  5069 | Temple   | Entered the Ecumenical Temple
  5203 | Temple   | Became a worshipper of Warmaster Okawaru
  5335 | D:6      | Found a stormy altar of Qazlal.
  5350 | D:6      | Reached XP level 9. HP: 35/72 MP: 12/12
  5814 | D:6      | Reached skill level 4 in Armour
  5954 | D:6      | Reached skill level 7 in Axes
  5992 | D:6      | Reached skill level 8 in Fighting
  6144 | D:7      | Acquired Okawaru's first power
  6153 | D:7      | Reached skill level 5 in Armour
  6444 | D:7      | Found an opulent altar of Gozag.
  6475 | D:7      | Reached XP level 10. HP: 79/82 MP: 13/13
  6692 | D:7      | Reached skill level 8 in Axes
  6692 | D:7      | Reached skill level 6 in Armour
  6777 | D:7      | Reached skill level 9 in Fighting
  7129 | D:8      | Reached skill level 7 in Armour
  7328 | D:8      | Found a staircase to the Lair.
  7797 | D:8      | Found Qamuwe Praa's Weapon Shop.
  7969 | D:8      | Reached skill level 9 in Axes
  8035 | D:8      | Found a glowing silver altar of Zin.
  8141 | D:9      | Reached skill level 10 in Fighting
  8240 | D:9      | Got a faintly glowing trident
  8241 | D:9      | Identified the +6 trident "Loinudgh" {venom, rPois Int+2 Stlth-} (You found it on level 9 of the Dungeon)
  8340 | D:9      | Noticed a gargoyle
  8361 | D:9      | Killed a gargoyle
  8361 | D:9      | Reached skill level 8 in Armour
  8380 | D:9      | Found a glowing golden altar of the Shining One.
  8531 | D:9      | Reached XP level 11. HP: 78/91 MP: 15/15
  8606 | D:9      | Found a basalt altar of Yredelemnul.
  8781 | D:9      | Found Keipt's Armour Boutique.
  9125 | D:10     | Entered Level 10 of the Dungeon
  9243 | D:10     | Reached skill level 9 in Shields
  9244 | D:10     | Gained mutation: You are agile. (Dex +2) [potion of mutation]
  9244 | D:10     | Lost mutation: You are agile. (Dex +2) [potion of mutation]
  9244 | D:10     | Gained mutation: You are weak. (Str -2) [potion of mutation]
  9245 | D:10     | Gained mutation: You are frail (-10% HP). [potion of mutation]
  9245 | D:10     | Gained mutation: You are resistant to hostile enchantments. [potion of mutation]
  9751 | D:10     | Found Schiug's Gadget Boutique.
  9959 | D:10     | Found a radiant altar of Vehumet.
 10287 | D:10     | Found a roughly hewn altar of Beogh.
 10465 | D:10     | Reached skill level 10 in Axes
 10569 | D:11     | Reached skill level 11 in Fighting
 10632 | D:11     | Got a pitted bone amulet
 10641 | D:11     | Identified the amulet "Ovav" {rMut Str+5 Dex+4} (You found it on level 11 of the Dungeon)
 10840 | D:11     | Found Xaeng's Gadget Emporium.
 10869 | D:11     | Found Feak Efe's Weapon Shop.
 10873 | D:11     | Bought a +4 great mace of protection for 536 gold pieces
 10897 | D:11     | Noticed a hill giant
 10913 | D:11     | Killed a hill giant
 10913 | D:11     | Reached skill level 1 in Maces & Flails
 10915 | D:11     | Reached skill level 10 in Shields
 11025 | D:11     | Found a staircase to the Orcish Mines.
 11143 | D:11     | Reached skill level 2 in Maces & Flails
 11158 | D:11     | Noticed an unseen horror
 11165 | D:11     | Killed an unseen horror
 11165 | D:11     | Acquired Okawaru's second power
 11165 | D:11     | Reached skill level 3 in Maces & Flails
 11287 | D:11     | Found Shoc's Book Shoppe.
 11316 | D:11     | Noticed an ice devil
 11322 | D:11     | HP: 3/83 [smoke demon/divine providence[a kobold demonologist] (11)]
 11325 | D:11     | Killed an ice devil
 11330 | D:11     | Noticed a soul eater
 11334 | D:11     | Noticed a soul eater
 11334 | D:11     | HP: 4/83 [soul eater/drain life[a kobold demonologist] (15)]
 11336 | D:11     | Reached skill level 4 in Maces & Flails
 11336 | D:11     | Reached XP level 12. HP: 4/90 MP: 16/16
 11875 | D:11     | Found Weoxa's Armour Boutique.
 11878 | D:11     | Bought the +1 robe of Nepruurgh {Dex+4} for 274 gold pieces
 11885 | D:11     | Reached skill level 5 in Maces & Flails
 12182 | Lair:1   | Entered Level 1 of the Lair of Beasts
 12192 | Lair:1   | Reached skill level 6 in Maces & Flails
 12439 | Lair:1   | Reached skill level 7 in Maces & Flails
 12591 | Lair:1   | Reached skill level 8 in Maces & Flails
 12591 | Lair:1   | Reached skill level 1 in Invocations
 12601 | Lair:1   | Reached skill level 2 in Invocations
 13036 | Lair:1   | Reached skill level 3 in Invocations
 13429 | Lair:2   | Reached skill level 4 in Invocations
 13608 | Lair:2   | Received a gift from Okawaru
 13612 | Lair:2   | Got a brightly glowing executioner's axe {god gift}
 13613 | Lair:2   | Identified the +4 executioner's axe of Dust {drain, rPois Dex-3} (Okawaru gifted it to you on level 2 of the Lair of Beasts)
 13645 | Lair:2   | Slain by a spiny frog

Vanquished Creatures
  An ice devil (D:11)
  An unseen horror (D:11)
  A hill giant (D:11)
  A komodo dragon (Lair:1)
  3 black mambas (Lair:1)
  A spiny frog (Lair:1)
  3 kobold demonologists (D:11)
  A gargoyle (D:9)
  4 blink frogs (Lair:1)
  A troll (D:10)
  A basilisk (Lair:2)
  A shadow (D:11)
  A hill giant zombie (D:11)
  A wyvern (D:8)
  15 yaks
  4 wraiths (D:9)
  A deep elf fighter (D:8)
  4 hippogriffs
  4 hungry ghosts
  A porcupine (D:8)
  4 water moccasins
  5 orc warriors
  A sky beast (D:8)
  2 yellow wasps
  7 centaurs
  5 necrophages (D:7)
  2 phantoms (D:11)
  4 ice beasts
  6 ogres
  7 crocodiles
  Sigmund (D:2)
  2 elf zombies (D:9)
  2 big kobolds
  11 giant frogs
  A gnoll sergeant (D:7)
  3 scorpions
  A troll zombie (D:11)
  2 wights
  3 killer bees (D:8)
  A troll skeleton (D:9)
  2 crimson imps
  A centaur zombie (D:6)
  A quasit (D:10)
  4 goliath beetles
  3 jellies (D:10)
  9 orc priests
  8 hounds
  3 human zombies (D:9)
  Crazy Yiuf (D:4)
  8 orc wizards
  2 centaur skeletons
  An elf skeleton (D:7)
  4 worker ants
  4 iguanas
  4 sheep (Lair:2)
  5 ogre zombies (D:11)
  2 ogre skeletons
  A worker ant zombie (D:5)
  14 adders
  5 gnolls
  10 orc zombies
  A steam dragon zombie (D:9)
  16 green rats
  3 worms
  2 giant mites
  5 giant geckos
  7 oozes
  69 orcs
  A ball python (D:1)
  24 bats
  A bat skeleton (D:5)
  4 giant cockroaches
  10 goblins
  19 hobgoblins
  5 quokkas
  8 giant newts
  2 giant spores (D:9)
  3 goblin skeletons (D:11)
  A goblin zombie (D:11)
  3 hobgoblin zombies
  10 jackals
  23 kobolds
  A kobold skeleton (D:8)
  4 orc skeletons (D:11)
  24 rats
  3 ballistomycetes (D:9)
  3 fungi (D:8)
  A plant (D:7)
465 creatures vanquished.
